AoeStats
← Křovák

Arena

505821832Analyzed
1v1 RM · 22d ago on Sep 11, 2026· 51m 50s· 2 players
Game mode
Random Map
Map size
Tiny (2 player)
Population
200
Speed
Normal
Resources
Standard
Victory
Conquest
Starting age
Dark Age
Ending age
Imperial Age
RankedLock teamsTeams togetherTeam positionsShared explorationLock speedFull tech treeHidden civsTurbo modeCheats
Victory
Defeat
🇨🇳 Gurjaras · China
737
+18
🇨🇿 Byzantines · Czechia
790
-18
lhllhl
7:45 Loom
9:57 Feudal Age
11:28 Double-Bit Axe
16:48 Castle Age
14:47 Horse Collar
19:05 Wheelbarrow
24:22 Hand Cart
24:57 Bow Saw
25:42 Town Watch
29:10 Stone Mining
29:11 Gold Mining
29:23 Heavy Plow
29:44 Kshatriyas
33:12 Imperial Age
31:59 Gold Shaft Mining
32:05 Stone Shaft Mining
31:57 Fletching
32:08 Padded Archer Armor
32:14 Scale Barding Armor
33:11 Husbandry
33:22 Bloodlines
34:18 Conscription
34:23 Ballistics
35:04 Chemistry
34:00 Murder Holes
33:46 Treadmill Crane
35:32 Hoardings
35:32 Heavy Camel Rider
38:47 Elite Chakram Thrower
40:36 Frontier Guards
41:07 Fervor
41:18 Sanctity
46:19 Masonry
49:28 Chain Barding Armor
49:04 Bodkin Arrow
49:25 Leather Archer Armor
49:21 Forging
Křovák
9:27 Loom
11:14 Feudal Age
15:59 Castle Age
14:37 Double-Bit Axe
14:35 Horse Collar
17:26 Bow Saw
20:13 Heavy Plow
24:47 Gold Mining
24:47 Stone Mining
28:46 Imperial Age
25:39 Pikeman
26:21 Squires
26:09 Arson
31:54 Fletching
32:06 Scale Mail Armor
32:17 Forging
32:13 Murder Holes
33:23 Chemistry
33:48 Bodkin Arrow
39:55 Bracer
40:31 Iron Casting
40:11 Chain Mail Armor
45:24 Scale Barding Armor
45:01 Halberdier
48:20 Chain Barding Armor
Connection lost

Rejoining the realm…

Still unreachable

The connection could not be restored.

Session expired

The server has moved on; the page needs a fresh start.